 Dungeon Crawl Stone Soup version 0.23-a0-550-g7de1f8e (webtiles) character file.

26753 Lanoc the Grappler (level 13, -2/128 HPs)
             Began as a Troll Monk on Dec 8, 2018.
             Was the Champion of Qazlal.
             Slain by a 14-headed hydra (4 damage)
             ... on level 4 of the Lair of Beasts.
             The game lasted 00:54:07 (11804 turns).

Lanoc the Grappler (Troll Monk)                    Turns: 11804, Time: 00:54:08

Health: -2/128     AC: 19    Str: 26    XL:     13   Next: 0%
Magic:  12/12      EV: 13    Int: 10    God:    Qazlal [******]
Gold:   924        SH:  8    Dex: 12    Spells: 12/12 levels left

rFire    . . .     SeeInvis .     - Unarmed
rCold    + . .     Gourm    +   (no shield)
rNeg     . . .     Faith    .   d - +1 acid dragon scales
rPois    +         Spirit   .   x - +2 hat {MR+}
rElec    .         Reflect  .   u - +2 cloak {rPois}
rCorr    +         Harm     .   (gloves unavailable)
MR       +....                  (boots unavailable)
Stlth    +.........             (no amulet)
HPRegen  0.71/turn              v - +4 ring of intelligence
MPRegen  0.13/turn              p - ring of protection from cold

@: protected from physical damage, repel missiles
A: large, unfitting armour, claws 3, fast metabolism 3, gourmand, regeneration
1, shaggy fur 1, tough skin 2
a: Upheaval, Elemental Force, Disaster Area, Renounce Religion


You were on level 4 of the Lair of Beasts.
You worshipped Qazlal.
Qazlal was exalted by your worship.
You were not hungry.

You visited 3 branches of the dungeon, and saw 16 of its levels.
You also visited: Ossuary and Ice Cave.

You collected 924 gold pieces.

Inventory:

Missiles
 s - 15 tomahawks (quivered)
 C - 7 large rocks
 L - an exploding tomahawk
Armour
 d - +1 acid dragon scales (worn)
 u - a +2 cloak of poison resistance (worn)
 x - a +2 hat of magic resistance (worn)
 E - a +2 troll leather armour {Snorg}
 I - a scarf of resistance
Jewellery
 e - an uncursed ring of flight
 p - a ring of protection from cold (right claw)
 v - a +4 ring of intelligence (left claw)
 A - an uncursed ring of see invisible
Wands
 i - a wand of polymorph (11)
 k - a wand of random effects (5)
 m - a wand of enslavement (8)
 w - a wand of iceblast (33)
 F - a wand of paralysis (7)
 K - a wand of digging (11)
Scrolls
 a - a scroll of summoning
 l - 5 scrolls of teleportation
 o - 6 scrolls of remove curse
 r - 2 scrolls of enchant weapon {unknown}
 t - a scroll of amnesia
 y - a scroll of acquirement
 D - a scroll of blinking
 J - a scroll of fear
 M - a scroll of silence {unknown}
 N - a scroll of magic mapping
 Q - 2 scrolls of enchant armour
Potions
 c - a potion of curing
 f - 2 potions of might
 g - 2 potions of lignification
 h - 2 potions of resistance
 j - 3 potions of brilliance
 n - 4 potions of heal wounds
 q - 2 potions of haste
 G - 2 potions of mutation {unknown}
 O - a potion of ambrosia
 P - a potion of cancellation {unknown}
Miscellaneous
 z - a lightning rod (4/4)
 B - 2 sacks of spiders
Comestibles
 b - 29 rations


   Skills:
 + Level 8.5 Fighting
 + Level 8.8 Throwing
 - Level 4.3 Armour
 + Level 8.6 Dodging
 - Level 1.0 Stealth
 * Level 13.6 Unarmed Combat


You had 12 spell levels left.
You didn't know any spells.
Your spell library contained the following spells:

 Spells                   Type           Power        Failure   Level  Hunger
 Beastly Appendage        Tmut           #.....       41%         1    ##.....
 Flame Tongue             Conj/Fire      #....        41%         1    ##.....
 Freeze                   Ice            #...         41%         1    ##.....
 Infusion                 Chrm           #...         41%         1    ##.....
 Magic Dart               Conj           #...         41%         1    ##.....
 Sting                    Conj/Pois      #...         41%         1    ##.....
 Summon Small Mammal      Summ           #...         41%         1    ##.....
 Call Imp                 Summ           #.......     56%         2    ###....
 Poisonous Vapours        Pois/Air       #.....       56%         2    ###....
 Searing Ray              Conj           #.....       56%         2    ###....
 Shroud of Golubria       Chrm/Tloc      #.........   56%         2    ###....
 Song of Slaying          Chrm           #.......     56%         2    ###....
 Sticks to Snakes         Tmut           #.......     56%         2    ###....
 Throw Flame              Conj/Fire      #.....       56%         2    ###....
 Throw Frost              Conj/Ice       #.....       56%         2    ###....
 Call Canine Familiar     Summ           #.......     80%         3    ####...
 Conjure Flame            Conj/Fire      #.......     80%         3    ####...
 Dazzling Spray           Conj/Hex       #.....       80%         3    ####...
 Inner Flame              Hex/Fire       #.......     80%         3    ####...
 Mephitic Cloud           Conj/Pois/Air  #.......     80%         3    ####...
 Ozocubu's Armour         Chrm/Ice       #.......     80%         3    ####...
 Regeneration             Chrm/Necr      #.........   80%         3    ####...
 Spectral Weapon          Hex/Chrm       #.......     80%         3    ####...
 Spider Form              Tmut/Pois      #.........   80%         3    ####...
 Summon Guardian Golem    Hex/Summ       #.......     80%         3    ####...
 Force Lance              Conj/Tloc      #.......     99%         4    #####..
 Fulminant Prism          Conj/Hex       #.........   99%         4    #####..
 Ice Form                 Ice/Tmut       #.......     99%         4    #####..
 Iskenderun's Mystic Bla  Conj           #.......     99%         4    #####..
 Olgreb's Toxic Radiance  Pois           #.......     99%         4    #####..
 Sticky Flame             Conj/Fire      #.......     99%         4    #####..
 Summon Ice Beast         Ice/Summ       #.......     99%         4    #####..
 Summon Lightning Spire   Summ/Air       #.......     99%         4    #####..
 Throw Icicle             Conj/Ice       #.......     99%         4    #####..
 Blade Hands              Tmut           #.........   100%        5    ######.
 Fireball                 Conj/Fire      #.........   100%        5    ######.
 Irradiate                Conj/Tmut      #.........   100%        5    ######.
 Venom Bolt               Conj/Pois      #.........   100%        5    ######.
 Hydra Form               Tmut           #.........   100%        6    #######
 Statue Form              Tmut/Erth      #........    100%        6    #######
 Dragon Form              Tmut           #.........   100%        7    #######


Dungeon Overview and Level Annotations

Branches:
Dungeon (11/15)            Temple (1/1) D:6            Lair (4/6) D:8
  Swamp (0/4) Lair:2        Snake (0/4) Lair:2          Orc (0/2) D:11

Altars:
Ashenzari
Cheibriados
Dithmenos
Elyvilon
Fedhas
Gozag
Hepliaklqana
Kikubaaqudgha
Makhleb
Nemelex Xobeh
Okawaru
Qazlal
Ru
Sif Muna
Trog
Uskayaw
Vehumet
Wu Jian
Xom
Yredelemnul
Zin
The Shining One
Beogh

Shops:
D:11 (

Annotations:
D:9 3 runed doors, Lavandula's ghost, novice HaEn


Innate Abilities, Weirdness & Mutations

You are too large for most types of armour.
You have claws for hands.
Your metabolism is lightning-fast.
You like to eat raw meat.
Your natural rate of healing is unusually fast.
You are covered in fur. (AC +1)
You have very tough skin. (AC +2)


Message History

* * * LOW HITPOINT WARNING * * *
You feel more protected from physical attacks.
The 14-headed hydra bites you.
* * * LOW HITPOINT WARNING * * *
You feel more protected from physical attacks.
The 14-headed hydra bites you but does no damage.
The 14-headed hydra barely misses you. The 14-headed hydra bites you!
* * * LOW HITPOINT WARNING * * *
You block the 14-headed hydra's attack. The 14-headed hydra bites you.
* * * LOW HITPOINT WARNING * * *
The 14-headed hydra bites you!
* * * LOW HITPOINT WARNING * * *
The 14-headed hydra bites you.
* * * LOW HITPOINT WARNING * * *
You block the 14-headed hydra's attack. The 14-headed hydra closely misses you.
The 14-headed hydra bites you but does no damage.
The 14-headed hydra bites you.
* * * LOW HITPOINT WARNING * * *
The 14-headed hydra bites you.
You die...

.##..P .......P#
.........#####
.P..P#...... .
...P...... ...
#..P.... #
....#..##..# ..#
...#.§.D##<#...#
......F@§§.....#
#....§....#...##
#.P.P..§.§..P..#
.#..P..#.P#....#
#..P#.......#...
............##....
..⌠#...}..... ...
.............P


You could see a 14-headed hydra and a spiny frog.

Vanquished Creatures
  Snorg (D:10)
  Harold (D:7)
  Erica (Lair:1)
  A queen ant (Lair:2)
  The ghost of feelmyfire the Carver, a novice DsGl of Uskayaw (D:6)
  A necromancer (IceCv)
  An ugly thing (D:9)
  A deep elf mage (D:9)
  2 cyclopes (D:9)
  Maurice (D:10)
  An ice statue (IceCv)
  5 black mambas
  3 spiny frogs
  2 kobold demonologists (D:11)
  2 komodo dragons
  A rime drake (Lair:3)
  10 freezing wraiths (IceCv)
  2 trolls
  A bog body (Lair:2)
  Grinder (D:4)
  A slime creature (D:10)
  3 blink frogs (Lair:3)
  3 hippogriffs
  A wyvern (D:9)
  4 yaks
  2 hungry ghosts
  Grum (D:9)
  Edmund (D:6)
  3 nagas (Lair:2)
  A death yak simulacrum (IceCv)
  Duvessa (D:5)
  5 soldier ants (Lair:2)
  3 porcupines
  8 water moccasins
  6 orc warriors
  7 ice beasts
  4 sky beasts
  4 phantoms
  4 wolves
  A boggart (D:9)
  9 ogres
  4 centaurs
  3 big kobolds
  6 crocodiles
  Blork the orc (D:4)
  6 bullfrogs
  Dowan (D:5)
  2 elephant simulacra (IceCv)
  8 killer bees
  8 wights
  3 electric eels (D:8)
  4 howler monkeys
  4 crimson imps
  2 centaur zombies (Ossuary)
  2 quasits
  6 draconian simulacra (IceCv)
  9 orc priests
  2 bullfrog skeletons
  2 jellies
  2 centaur skeletons (D:4)
  4 hounds
  12 orc wizards
  2 iguanas
  34 worker ants
  4 troll simulacra (IceCv)
  2 spriggan simulacra (IceCv)
  A killer bee zombie (D:8)
  A wolf simulacrum (IceCv)
  3 big kobold zombies (Ossuary)
  A centaur simulacrum (IceCv)
  A hound zombie (D:6)
  5 mummies (Ossuary)
  A howler monkey zombie (D:11)
  A worker ant zombie (D:7)
  Robin (D:2)
  19 adders
  3 gnolls (D:8)
  5 naga simulacra (IceCv)
  2 ogre simulacra (IceCv)
  2 shadow imps (D:8)
  12 white imps (IceCv)
  An ooze (D:2)
  4 worms
  4 dart slugs
  4 leopard geckos
  57 orcs
  3 ball pythons
  4 giant cockroaches
  13 goblins
  11 hobgoblins
  6 jackals
  2 quokkas
  11 bats
  2 frilled lizards
  A giant cockroach zombie (D:6)
  4 hobgoblin zombies (Ossuary)
  15 kobolds
  2 leopard gecko skeletons
  A quokka skeleton (D:5)
  10 rats
457 creatures vanquished.

Vanquished Creatures (others)
  An unseen horror (D:9)
  An orc priest (D:6)
  A howler monkey skeleton (D:6)
3 creatures vanquished.

Grand Total: 460 creatures vanquished

Notes
Turn   | Place    | Note
-------+----------+-------------------------------------------
     0 | D:1      | Lanoc the Troll Monk began the quest for the Orb.
     0 | D:1      | Reached XP level 1. HP: 22/22 MP: 0/0
    97 | D:1      | Reached XP level 2. HP: 29/29 MP: 1/1
   516 | D:1      | Reached XP level 3. HP: 36/36 MP: 2/2
   896 | D:2      | Reached skill level 1 in Throwing
   955 | D:2      | Reached XP level 4. HP: 44/44 MP: 3/3
  1008 | D:2      | Found a shadowy altar of Dithmenos.
  1102 | D:2      | Reached skill level 4 in Unarmed Combat
  1291 | D:2      | Noticed Robin
  1337 | D:2      | Killed Robin
  1468 | D:3      | Reached skill level 1 in Armour
  1468 | D:3      | Reached XP level 5. HP: 52/52 MP: 4/4
  1764 | D:3      | Found a blossoming altar of Fedhas.
  2276 | D:4      | Found a hide-covered altar of Uskayaw.
  2284 | D:4      | Found a sacrificial altar of Ru.
  2388 | D:4      | Reached XP level 6. HP: 61/61 MP: 5/5
  2492 | D:4      | Found a sand-covered staircase.
  2562 | Ossuary  | Entered an ossuary
  2597 | Ossuary  | Reached skill level 5 in Unarmed Combat
  2872 | D:4      | Found a sacrificial altar of Ru.
  2872 | D:4      | Found a burning altar of Makhleb.
  2873 | D:4      | Found a radiant altar of Vehumet.
  2920 | D:4      | Noticed Blork the orc
  2929 | D:4      | Killed Blork the orc
  2929 | D:4      | Reached XP level 7. HP: 55/67 MP: 6/6
  3036 | D:4      | Noticed Grinder
  3045 | D:4      | Killed Grinder
  3067 | D:4      | Found a hazy altar of Hepliaklqana.
  3113 | D:5      | Entered Level 5 of the Dungeon
  3117 | D:5      | Found a glowing golden altar of the Shining One.
  3154 | D:5      | Noticed Duvessa
  3155 | D:5      | Noticed Dowan
  3175 | D:5      | Killed Duvessa
  3175 | D:5      | Reached skill level 6 in Unarmed Combat
  3186 | D:5      | Killed Dowan
  3287 | D:5      | Reached XP level 8. HP: 78/78 MP: 7/7
  3834 | D:6      | Noticed Edmund
  3845 | D:6      | Killed Edmund
  4148 | D:6      | Found a staircase to the Ecumenical Temple.
  4206 | D:6      | Found a runed gate.
  4241 | Temple   | Entered the Ecumenical Temple
  4389 | Temple   | Became a worshipper of Qazlal Stormbringer
  4389 | Temple   | Reached * piety under Qazlal
  4389 | Temple   | Reached ** piety under Qazlal
  4426 | D:6      | Found a runed gate.
  4426 | D:6      | Noticed feelmyfire's ghost (novice DsGl)
  4427 | D:6      | Found a runed gate.
  4429 | D:6      | Found a roughly hewn altar of Beogh.
  4430 | D:6      | Identified the +11 plate armour of Beti Nyts {rF+}
  4480 | D:6      | Reached skill level 7 in Unarmed Combat
  4489 | D:6      | Killed feelmyfire's ghost
  4489 | D:6      | Reached XP level 9. HP: 30/85 MP: 8/8
  4649 | D:7      | Found a shimmering altar of Xom.
  4651 | D:7      | Found a sparkling altar of Nemelex Xobeh.
  4733 | D:7      | Noticed Harold
  4756 | D:7      | Killed Harold
  4756 | D:7      | Reached skill level 5 in Fighting
  4756 | D:7      | Reached skill level 5 in Dodging
  4756 | D:7      | Reached skill level 8 in Unarmed Combat
  5155 | D:7      | Got a heavily jewelled robe
  5166 | D:7      | Identified the +2 robe "Gaovaq" {*Slow MR+ Str+3} (You
                  | found it on level 7 of the Dungeon)
  5335 | D:8      | Reached skill level 5 in Throwing
  5337 | D:8      | Reached skill level 9 in Unarmed Combat
  5341 | D:8      | Reached *** piety under Qazlal
  5362 | D:8      | Reached XP level 10. HP: 55/96 MP: 9/9
  5478 | D:8      | Found a staircase to the Lair.
  5937 | D:8      | Reached **** piety under Qazlal
  6273 | D:9      | Found a white marble altar of Elyvilon.
  6273 | D:9      | Noticed Grum
  6285 | D:9      | Killed Grum
  6295 | D:9      | Reached skill level 10 in Unarmed Combat
  6541 | D:9      | Noticed a white ugly thing
  6618 | D:9      | Killed a white ugly thing
  6738 | D:9      | Identified the +8 long sword of the Five Blessings {venom,
                  | rN+ Str+4 Int+3 Dex-5}
  6767 | D:9      | Noticed a deep elf mage
  6791 | D:9      | Killed a deep elf mage
  6791 | D:9      | Reached XP level 11. HP: 99/107 MP: 10/10
  6927 | D:9      | Found an opulent altar of Gozag.
  6932 | D:9      | Found a glowing silver altar of Zin.
  7137 | D:9      | Found a runed door.
  7213 | D:9      | Found a runed door.
  7235 | D:9      | Found a runed gate.
  7235 | D:9      | Found a runed gate.
  7235 | D:9      | Found a runed gate.
  7235 | D:9      | Noticed Lavandula's ghost (novice HaEn)
  7328 | D:9      | Found a runed door.
  7337 | D:9      | Killed an unseen horror
  7339 | D:9      | Reached skill level 11 in Unarmed Combat
  7481 | D:10     | Entered Level 10 of the Dungeon
  7801 | D:10     | Noticed Snorg
  7810 | D:10     | Killed Snorg
  7930 | D:10     | Reached ***** piety under Qazlal
  7973 | D:10     | Noticed Maurice
  7982 | D:10     | Killed Maurice
  8450 | D:11     | Found Asicecle's Weapon Shoppe.
  8497 | D:11     | Found a staircase to the Orcish Mines.
  8507 | D:11     | Found a roughly hewn altar of Beogh.
  8914 | Lair:1   | Entered Level 1 of the Lair of Beasts
  8922 | Lair:1   | Found a frozen archway.
  8976 | IceCv    | Entered an ice cave
  8981 | IceCv    | Reached skill level 12 in Unarmed Combat
  9221 | IceCv    | Reached XP level 12. HP: 118/118 MP: 11/11
  9489 | IceCv    | Found an ancient bone altar of Kikubaaqudgha.
  9891 | Lair:1   | Noticed Erica
  9894 | Lair:1   | Killed Erica
  9937 | Lair:1   | Identified a scroll of acquirement
  9948 | Lair:1   | You fall through a shaft!
  9970 | Lair:2   | Reached skill level 13 in Unarmed Combat
 10013 | Lair:2   | Found a staircase to the Swamp.
 10031 | Lair:2   | Noticed a queen ant
 10041 | Lair:2   | Killed a queen ant
 10101 | Lair:2   | Reached ****** piety under Qazlal
 10279 | Lair:2   | Found a staircase to the Snake Pit.
 11595 | Lair:3   | Reached XP level 13. HP: 110/128 MP: 12/12
 11629 | Lair:3   | Found the +8 whip "Snakebite" {curare, rPois}
 11804 | Lair:4   | HP: 6/128 [14-headed hydra (5)]
 11804 | Lair:4   | HP: 2/128 [14-headed hydra (4)]
 11804 | Lair:4   | Slain by a 14-headed hydra

Vault maps used:
D:1:      psy_arrival_whirlpool, minmay_hedge_maze, hangedman_decor_push
D:2:      grunt_dithmenos_smoke_and_mirrors, minmay_stone_trees_large,
          kennysheep_generic_room_5, uniq_robin
D:3:      old_standard_altar, first_ration
D:4:      lemuel_crystal_altar, kennysheep_mini_moat,
          gammafunk_temple_overflow_claw, nicolae_ossuary_entry_false_entrances,
          nicolae_ru_awakened_eye, uniq_grinder, uniq_blork_the_orc
D:5:      lemuel_crystal_altar, uniq_duvessa
D:6:      minmay_temple_entry_junction, biasface_ghost_orc_armoury, uniq_edmund
D:7:      chequers_temple_overflow_statue_of_worship, grunt_ogre_cave,
          uniq_harold
D:8:      erik_lair_island, kennysheep_generic_room_12
D:9:      minmay_the_grid_triangle_9x9_recursive_2,
          grunt_temple_overflow_gold_and_silver, old_standard_altar,
          gammafunk_ghost_necromancy, uniq_grum
D:10:     uniq_maurice, uniq_snorg
D:11:     minmay_orc_entry_temple_small, serial_shops, shop
Temple:   nicolae_temple_figure_zero
Lair:1:   portal_ice_cave_entry_pillars_1, minmay_holes, grunt_megastairs_3,
          uniq_erica
Lair:2:   skrybe_swamp_entry_bodies, minmay_snake_entry_guardpost_small,
          zaba_antful_of_joy
Lair:3:   minmay_guarded_unrand_snakebite
Lair:4:   minmay_shattered_shrine, grunt_megastairs_5
Ossuary:  ossuary_the_hunt_dpeg
IceCv:    ice_cave_small_necro

Skill      XL: |  1  2  3  4  5  6  7  8  9 10 11 12 |
---------------+-------------------------------------+-----
Throwing       | 1 2 3 4 5 6 7 8 |  8.8
Unarmed Combat | 4 5 6 7 9 10 12 13 | 13.6
Armour         | 1 2 3 4 |  4.3
Dodging        | 3 4 5 6 7 8 |  8.6
Fighting       | 3 4 5 6 7 8 |  8.5
Stealth        | |  1.0

Action                   |  1- 3 |  4- 6 |  7- 9 | 10-12 | 13-15 || total
-------------------------+-------+-------+-------+-------+-------++-------
Melee: Unarmed           |   105 |   172 |   285 |   851 |    14 ||  1427
       Punch             |     4 |     6 |     7 |    41 |       ||    58
Throw: Tomahawk          |       |       |     1 |    14 |       ||    15
Evoke: Wand              |       |       |       |     3 |       ||     3
  Use: Scroll            |       |    14 |     4 |     6 |       ||    24
       Potion            |       |       |     3 |     1 |       ||     4
 Stab: Sleeping          |     1 |     1 |       |       |       ||     2
       Invisible         |       |       |     4 |       |       ||     4
  Eat: Chunk             |     8 |    20 |    26 |    60 |       ||   114
Armor: Robe              |    29 |       |       |       |       ||    29
       Acid dragon scale |    16 |    75 |   110 |   312 |    23 ||   536
Dodge: Dodged            |    43 |    69 |   124 |   398 |    19 ||   653
       Deflected         |       |       |       |    11 |       ||    11
Block: Other             |       |       |    21 |   220 |    13 ||   254

Table legend:
 A = Non-vault XP
 B = Vault XP
 C = Vault XP percentage of total XP
 D = Non-vault monster count
 E = Vault monster count
 F = Vault count percentage of total count
                 A         B        C        D         E       F
            +---------+---------+-------+---------+---------+-------
      Total |   15102 |   23117 |  60.5 |     269 |     191 |  41.5
            +---------+---------+-------+---------+---------+-------
        D:1 |      48 |       0 |   0.0 |      29 |       0 |   0.0
        D:2 |      95 |      41 |  30.1 |      19 |      13 |  40.6
        D:3 |      80 |       0 |   0.0 |      19 |       0 |   0.0
        D:4 |     191 |     371 |  66.0 |      11 |       2 |  15.4
        D:5 |     105 |     242 |  69.7 |       7 |       2 |  22.2
        D:6 |     398 |    1184 |  74.8 |      21 |      11 |  34.4
        D:7 |     592 |    1143 |  65.9 |      17 |       2 |  10.5
        D:8 |    2210 |     734 |  24.9 |      45 |       7 |  13.5
        D:9 |    2328 |    4543 |  66.1 |      31 |      23 |  42.6
       D:10 |    1210 |    1540 |  56.0 |      26 |       2 |   7.1
       D:11 |    1243 |     176 |  12.4 |      15 |       9 |  37.5
     Lair:1 |    1920 |    1234 |  39.1 |       8 |       3 |  27.3
     Lair:2 |    2876 |    3417 |  54.3 |      14 |      40 |  74.1
     Lair:3 |    1806 |    1852 |  50.6 |       7 |       9 |  56.2
    Ossuary |       0 |     261 | 100.0 |       0 |      14 | 100.0
      IceCv |       0 |    6379 | 100.0 |       0 |      54 | 100.0
            +---------+---------+-------+---------+---------+-------
